[Event "Team 45 45 League T89"]
[Site "Internet Chess Club"]
[Date "2021.07.15"]
[Round "2"]
[White "clarinetref"]
[Black "Gojira"]
[Result "0-1"]
[WhiteElo "1460"]
[BlackElo "1521"]
[Opening "English: London defensive system"]
[ECO "A11"]
[Time "20:01:16"]
[TimeControl "2700+45"]

1. Nf3 d5 2. c4 c6 3. g3 Nf6 4. b3 Bf5 5. Bg2 e6 6. d3 Nbd7 7. cxd5 exd5 8. O-O
h6 9. Bb2 Bc5 10. Nbd2 O-O 11. a3 Qb6 12. d4 Bd6 13. b4 a5 14. Bc3 axb4 15. axb4
Bxb4 16. Bxb4 Qxb4 17. Qb3 Qxb3 18. Nxb3 Rfe8 19. e3 Bd3 20. Rfc1 Rxa1 21. Rxa1
Ba6 22. Bf1 Ra8 23. Bxa6 Rxa6 24. Rxa6 bxa6 25. Na5 c5 26. dxc5 Nxc5 27. Nd4
Nfe4 28. Ndc6 Nd6 29. Ne7+ Kf8 30. Nxd5 Ndb7 31. Nxb7 Nxb7 32. Kf1 a5 33. Nb6
Ke7 34. Ke2 Kd8 35. Kd2 Kc7 36. Na4 Kc6 37. Kc3 Kb5 38. Kb3 Nc5+ 39. Nxc5 Kxc5
40. Ka4 g5 41. Kxa5 g4 42. Ka4 Kc4 43. Ka5 Kc5 44. Ka4 Kd5 45. Kb4 Ke4 46. Kc4
Kf3 47. Kd4 Kxf2 48. Ke4 Kg2 49. Kf4 h5 50. e4 Kxh2 51. e5 Kg2 52. Kg5 Kxg3 53.
Kxh5 Kh3 54. Kg5 g3 55. Kf6 g2 56. Kxf7 g1=Q 57. e6 Qf2+ 58. Ke8 Qf6 59. e7 Kg4
60. Kd7 Qf7 61. Kd8 Qd5+ 62. Ke8 Kf5 63. Kf8 Qd6 64. Kf7 Qf6+ 65. Ke8 Ke6 {White
resigns} 0-1

[Event "Team 45 45 League T89"]
[Site "Internet Chess Club"]
[Date "2021.07.16"]
[Round "2"]
[White "rkjulianjr"]
[Black "BrerRabbit"]
[Result "1-0"]
[WhiteElo "1347"]
[BlackElo "1386"]
[Opening "QGD Slav defense: exchange variation"]
[ECO "D10"]
[Time "14:09:45"]
[TimeControl "2700+45"]

1. d4 d5 2. c4 c6 3. cxd5 cxd5 4. Bf4 Nf6 5. Nc3 Nc6 6. e3 Bf5 7. Qb3 Na5 8.
Qa4+ Bd7 9. Qc2 e6 10. Bd3 Be7 11. h3 Rc8 12. Nf3 O-O 13. O-O Be8 14. Qe2 a6 15.
Ne5 Nc6 16. a3 Bd6 17. Rac1 Bb8 18. Rc2 Nxe5 19. Bxe5 Nd7 20. Bxb8 Nxb8 21. f4
Bc6 22. f5 exf5 23. Rxf5 Qd6 24. Qg4 Nd7 25. Rcf2 Nf6 26. Rxf6 Qe7 27. Qh4 h6
28. Qg4 Kh8 29. Rxf7 Qxe3 30. Qxg7# {Black checkmated} 1-0

[Event "Team 45 45 League T89"]
[Site "Internet Chess Club"]
[Date "2021.07.26"]
[Round "2"]
[White "gregorgg"]
[Black "CMAlge"]
[Result "1-0"]
[WhiteElo "1389"]
[BlackElo "1299"]
[Opening "Scotch gambit: Dubois-Réti defense"]
[ECO "C55"]
[Time "11:31:08"]
[TimeControl "2700+45"]

1. e4 e5 2. Nf3 Nc6 3. d4 exd4 4. Bc4 Nf6 5. e5 Ng4 6. O-O d6 7. exd6 Bxd6 8.
Re1+ Nge5 9. Nxe5 Nxe5 10. f4 O-O 11. fxe5 Bc5 12. Bf4 d3+ 13. Be3 Bxe3+ 14.
Rxe3 Qg5 15. Qxd3 Bf5 16. Qe2 Rad8 17. Nc3 Bg4 18. Qe1 Rd4 19. Bd3 Rf4 20. Qg3
h5 21. Rf3 h4 22. Qxf4 {Black resigns} 1-0

[Event "Team 45 45 League T89"]
[Site "Internet Chess Club"]
[Date "2021.07.19"]
[Round "2"]
[White "seldredg"]
[Black "Kidpython"]
[Result "1-0"]
[WhiteElo "1320"]
[BlackElo "1095"]
[Opening "Dutch defense"]
[ECO "A81"]
[Time "18:11:22"]
[TimeControl "2700+45"]

1. d4 f5 2. g3 e6 3. Nc3 Nf6 4. Bg5 Bb4 5. Qd2 b6 6. Bg2 c6 7. Nf3 h6 8. Bf4 Ne4
9. Qe3 c5 10. a3 Bxc3+ 11. bxc3 cxd4 12. cxd4 Nc6 13. Nh4 g5 14. Bxe4 gxf4 15.
Qxf4 fxe4 16. Qxe4 Bb7 17. O-O Qc7 18. Qg6+ Ke7 19. Qg7+ Kd6 20. Qg6 Ke7 21. d5
Nd4 22. Qg7+ Kd6 23. Qxd4 Qxc2 24. dxe6+ Kxe6 25. Qg4+ Kd6 26. Rad1+ Bd5 27.
Nf5+ Kc5 28. Rc1 Qxc1 29. Rxc1+ Kb5 30. Nd6+ Ka6 31. Qa4# {Black checkmated} 1-0

[Event "Team 45 45 League T89"]
[Site "Internet Chess Club"]
[Date "2021.07.17"]
[Round "2"]
[White "julesraider"]
[Black "chesskix"]
[Result "1-0"]
[WhiteElo "1575"]
[BlackElo "1472"]
[Opening "Modern defense"]
[ECO "A40"]
[Time "21:00:13"]
[TimeControl "2700+45"]

1. d4 g6 2. c4 Bg7 3. Nc3 c6 4. e4 e6 5. Nf3 Ne7 6. b3 d5 7. Be2 dxe4 8. Nxe4 f5
9. Neg5 c5 10. Bb2 Qa5+ 11. Kf1 Nbc6 12. Ne5 O-O 13. f4 cxd4 14. Ngf3 Nxe5 15.
fxe5 Nc6 16. a3 Bxe5 17. b4 Qd8 18. Nxe5 Nxe5 19. Bxd4 Nf7 20. Qd2 b6 21. Bf3
Rb8 22. Qc3 Bb7 23. Bf6 Qd6 24. Rd1 Qf4 25. Rd7 Bxf3 26. gxf3 Rbc8 27. c5 a5 28.
Kf2 axb4 29. axb4 bxc5 30. bxc5 e5 31. Kg2 e4 32. Rf1 Ng5 33. Rg7+ {Black
resigns} 1-0

[Event "Team 45 45 League T89"]
[Site "Internet Chess Club"]
[Date "2021.07.17"]
[Round "2"]
[White "olivermx"]
[Black "Fulmar"]
[Result "1-0"]
[WhiteElo "1249"]
[BlackElo "1138"]
[Opening "Ruy Lopez: Graz variation"]
[ECO "C70"]
[Time "12:04:19"]
[TimeControl "2700+45"]

1. e4 e5 2. Nf3 Nc6 3. Bb5 a6 4. Ba4 b5 5. Bb3 Bc5 6. c3 f6 7. d4 Bb6 8. O-O Qe7
9. Be3 Na5 10. Bc2 Nc4 11. Qc1 Nxe3 12. Qxe3 Bb7 13. Nbd2 g5 14. Rfe1 h5 15. Nf1
h4 16. Qd3 g4 17. N3d2 O-O-O 18. Ne3 Nh6 19. g3 hxg3 20. fxg3 Qh7 21. Rf1 Rdf8
22. Rf2 b4 23. Nec4 Kb8 24. Nxb6 cxb6 25. dxe5 Ka7 26. exf6 Nf7 27. cxb4 Ne5 28.
Qe2 Qh3 29. Raf1 d5 30. Rf4 dxe4 31. Bxe4 Re8 32. Qg2 Bxe4 33. Qxh3 gxh3 34.
Nxe4 Nf7 35. Rg4 Rc8 36. Rg7 Rc7 37. Nd6 Rc2 38. Rxf7+ Ka8 39. Rg7 Rg2+ 40. Kh1
Rxb2 41. f7 Rxa2 42. Rg8+ Rxg8 43. fxg8=Q+ Ka7 44. Qf7+ Ka8 45. Qb7# {Black
checkmated} 1-0

[Event "Team 45 45 League T89"]
[Site "Internet Chess Club"]
[Date "2021.07.17"]
[Round "2"]
[White "Timmah4651"]
[Black "ascoli"]
[Result "1-0"]
[WhiteElo "1603"]
[BlackElo "1594"]
[Opening "French: Winawer, Petrosian variation"]
[ECO "C16"]
[Time "15:01:33"]
[TimeControl "2700+45"]

1. e4 e6 2. d4 d5 3. Nc3 Bb4 4. e5 Qd7 5. Qg4 f5 6. Qh5+ g6 7. Qh4 b6 8. Ne2 Ba6
9. Nf4 Ne7 10. Nd3 Bxc3+ 11. bxc3 Nbc6 12. Bg5 O-O-O 13. Nc5 bxc5 14. Bxa6+ Kb8
15. Rb1+ Ka8 16. Bb7+ {Black resigns} 1-0

[Event "Team 45 45 League T89"]
[Site "Internet Chess Club"]
[Date "2021.07.18"]
[Round "2"]
[White "Electryon"]
[Black "Grenadier"]
[Result "1-0"]
[WhiteElo "1437"]
[BlackElo "1528"]
[Opening "English, Tröger defense"]
[ECO "A25"]
[Time "15:00:51"]
[TimeControl "2700+45"]

1. c4 e5 2. Nc3 Nc6 3. g3 d6 4. Bg2 Be6 5. d3 Qd7 6. e4 Nf6 7. Nd5 Be7 8. Ne2
Bh3 9. Bxh3 Qxh3 10. Nxc7+ Kd7 11. Nxa8 Rxa8 12. Ng1 Qg4 13. Qxg4+ Nxg4 14. Be3
Nb4 15. Kd2 Nxe3 16. fxe3 Rc8 17. a3 Nc6 18. Ne2 Na5 19. Nc1 b6 20. Rf1 Ke8 21.
b4 Nc6 22. Na2 Bg5 23. Ke2 g6 24. h4 Bh6 25. g4 Ne7 26. g5 Bg7 27. Nc3 a6 28.
Rac1 h6 29. Nd5 Nxd5 30. cxd5 Rb8 31. Rc7 hxg5 32. hxg5 a5 33. Rfxf7 Bf8 34. Rb7
Ra8 35. b5 Rc8 36. Rfc7 Rxc7 37. Rxc7 Kd8 38. Rc6 Be7 39. Rxb6 Kc7 40. Ra6 Bxg5
41. Rxa5 Kb6 42. Ra6+ Kxb5 43. Rxd6 Be7 44. Rxg6 Bxa3 45. d4 exd4 46. exd4 Kc4
47. d6 Kxd4 48. Kf3 Ke5 49. d7 Be7 50. Rg8 Ke6 51. d8=Q Bxd8 52. Rxd8 Ke7 53.
Rd5 {Black resigns} 1-0

[Event "Team 45 45 League T89"]
[Site "Internet Chess Club"]
[Date "2021.07.18"]
[Round "2"]
[White "GoIrish"]
[Black "tryanything"]
[Result "1-0"]
[WhiteElo "1508"]
[BlackElo "1457"]
[Opening "Queen's pawn game, Darooha variation "]
[ECO "D02"]
[Time "19:58:07"]
[TimeControl "2700+45"]

1. d4 Nf6 2. Nf3 d5 3. g3 c5 4. Bg2 e6 5. O-O Nc6 6. c4 Be7 7. dxc5 O-O 8. cxd5
Nxd5 9. a3 Bxc5 10. e4 Nf6 11. Nc3 Qxd1 12. Rxd1 Ng4 13. Rf1 Nge5 14. b4 Nxf3+
15. Bxf3 Bd4 16. Bb2 Ne5 17. Be2 b6 18. Rad1 Bxc3 19. Bxc3 Ng6 20. e5 Bb7 21. b5
Rfd8 22. f4 Kf8 23. Bb4+ Ke8 24. Bd6 Ne7 25. g4 Rac8 26. f5 Rc2 27. Bf3 Bxf3 28.
Rxf3 Nd5 29. fxe6 f6 30. Rxd5 {Black resigns} 1-0

[Event "Team 45 45 League T89"]
[Site "Internet Chess Club"]
[Date "2021.07.18"]
[Round "2"]
[White "clarinetref"]
[Black "seattleblues"]
[Result "1-0"]
[WhiteElo "1470"]
[BlackElo "1325"]
[Opening "English: London defensive system"]
[ECO "A05"]
[Time "21:03:27"]
[TimeControl "2700+45"]

1. Nf3 Nf6 2. c4 c6 3. g3 d5 4. b3 Bf5 5. Bg2 e6 6. Nh4 Be4 7. Nf3 Nbd7 8. d3
Bg6 9. Nh4 Bh5 10. a3 Be7 11. Nf3 O-O 12. O-O Ng4 13. Bb2 Bf6 14. Nc3 Nge5 15.
Nxe5 Nxe5 16. Qc2 Bg6 17. cxd5 cxd5 18. Rfc1 Rc8 19. Qd2 a6 20. d4 Nc6 21. e3
Ne7 22. Na4 Nc6 23. Nc5 Qc7 24. a4 Be7 25. Ba3 Rfd8 26. b4 Bxc5 27. Rxc5 b6 28.
Rc3 Qd7 29. Bf1 a5 30. Bb5 Rc7 31. bxa5 bxa5 32. Rac1 Rdc8 33. Rc5 Qd8 34. Bxc6
f5 35. Qxa5 Qd6 36. Bb5 Rxc5 37. Rxc5 Rxc5 38. Bxc5 Qb8 39. Qa6 Bf7 40. Qd6 Qa8
41. Bc6 Qc8 42. Bd7 Qd8 43. Qe7 Qa8 44. Bxe6 Bxe6 45. Qxe6+ Kh8 46. Qe7 Kg8 47.
a5 h6 48. Qf8+ {Black resigns} 1-0

[Event "Team 45 45 League T89"]
[Site "Internet Chess Club"]
[Date "2021.07.17"]
[Round "2"]
[White "ChessG2011"]
[Black "Signofthetimes"]
[Result "0-1"]
[WhiteElo "1293"]
[BlackElo "1602"]
[Opening "Caro-Kann defense"]
[ECO "B15"]
[Time "13:00:34"]
[TimeControl "2700+45"]

1. e4 c6 2. d4 d5 3. Nc3 a6 4. Nf3 dxe4 5. Nxe4 Bg4 6. h3 Bxf3 7. gxf3 e6 8. Be3
Nd7 9. Bg2 Ngf6 10. Qe2 Be7 11. Rg1 Qc7 12. O-O-O O-O-O 13. Rd3 Nd5 14. Rb3 Nf4
15. Bxf4 Qxf4+ 16. Kb1 Nf6 17. Rd1 Rd7 18. Nc5 Bxc5 19. dxc5 Rxd1+ 20. Qxd1 Rd8
21. Qe1 Qd4 22. Rd3 Qxc5 23. Rxd8+ Kxd8 24. Qd2+ Kc7 25. c3 Qd6 26. Qe2 Nh5 27.
Kc2 Nf4 28. Qf1 Qe5 29. a3 Qe2+ 30. Qxe2 Nxe2 31. Bf1 Nf4 32. Kd2 e5 33. Ke3 f5
34. Bd3 g6 35. Bf1 b5 36. b3 Kb6 37. b4 c5 38. Kd2 a5 39. Ke3 axb4 40. axb4 cxb4
41. cxb4 Nd5+ {White resigns} 0-1

[Event "Team 45 45 League T89"]
[Site "Internet Chess Club"]
[Date "2021.07.15"]
[Round "2"]
[White "Kingofknights"]
[Black "Constrictor"]
[Result "1-0"]
[WhiteElo "1526"]
[BlackElo "1536"]
[Opening "QGD Slav: Dutch variation, main line"]
[ECO "D19"]
[Time "19:00:29"]
[TimeControl "2700+45"]

1. d4 d5 2. c4 c6 3. Nf3 Nf6 4. Nc3 dxc4 5. a4 Bf5 6. e3 e6 7. Bxc4 Bb4 8. O-O
O-O 9. Qe2 Nbd7 10. e4 Bg6 11. Rd1 Bxc3 12. bxc3 Nxe4 13. Qe3 Rc8 14. Bd3 Nd6
15. Ba3 Nf6 16. Qf4 Nfe8 17. Ne5 Bxd3 18. Rxd3 Qf6 19. Qxf6 gxf6 20. Nd7 Rd8 21.
Rg3+ Ng7 22. Nxf8 Kxf8 23. a5 Nf5 24. Rh3 Kg8 25. g4 Ng7 26. a6 b6 27. f3 Nc4
28. Be7 Rd5 29. Bxf6 Ne8 30. Bh4 Na5 31. Bg3 c5 32. Bb8 cxd4 33. Bxa7 dxc3 34.
Bxb6 Nb3 35. a7 Nxa1 36. a8=Q Rd1+ 37. Kf2 Rd2+ 38. Ke3 Nc2+ 39. Ke4 {Black
resigns} 1-0

[Event "Team 45 45 League T89"]
[Site "Internet Chess Club"]
[Date "2021.07.17"]
[Round "2"]
[White "oldsj"]
[Black "scostanzo212"]
[Result "0-1"]
[WhiteElo "1394"]
[BlackElo "1556"]
[Opening "Sicilian: Scheveningen variation"]
[ECO "B80"]
[Time "10:00:38"]
[TimeControl "2700+45"]

1. e4 c5 2. Nf3 d6 3. d4 cxd4 4. Nxd4 Nf6 5. Nc3 e6 6. Bg5 Be7 7. f4 h6 8. Bh4
O-O 9. Qf3 Nc6 10. O-O-O Nd7 11. Bxe7 Qxe7 12. Ndb5 Nb6 13. Nxd6 Rd8 14. e5 a6
15. Nce4 Nd5 16. Bc4 Nc7 17. Qg3 b5 18. Be2 Ne8 19. Nxe8 Rxe8 20. Nf6+ Kf8 21.
Nxe8 Qxe8 22. Rd6 Bb7 23. Rhd1 Rc8 24. Rd7 Ba8 25. Bh5 g6 26. Bf3 Nb4 27. a3
Bxf3 28. Qxf3 Nxc2 29. Kb1 Kg7 30. Qb7 Ne3 31. Rxf7+ Qxf7 32. Rd7 Rf8 33. Rxf7+
Rxf7 34. Qxa6 Nxg2 35. Qxe6 Nxf4 36. Qd6 g5 37. e6 Rf6 38. e7 Rxd6 39. e8=Q Rd5
40. Qe7+ Kg6 41. Qe8+ Kh7 42. h4 Kg7 43. Qe7+ Kg6 44. hxg5 hxg5 45. Qe8+ Kf5 46.
Qf7+ Kg4 47. b3 Kf3 48. a4 bxa4 49. bxa4 g4 50. Qb7 g3 51. Qb3+ Rd3 52. Qb7+ Kf2
53. Qb2+ Ke3 54. Qc1+ Kf3 55. Qc6+ Kf2 56. Qe4 Rf3 57. Qd4+ Kf1 58. Qd1+ Kf2 59.
Qd2+ Ne2 60. Qg5 g2 61. Qh4+ Kf1 62. Qg4 Rf2 63. Qh3 Ke1 64. Qc8 g1=Q 65. Qc2
Qg3 66. a5 Qa3 {White forfeits on time} 0-1

[Event "Team 45 45 League T89"]
[Site "Internet Chess Club"]
[Date "2021.07.14"]
[Round "2"]
[White "tightfist"]
[Black "BrerRabbit"]
[Result "1/2-1/2"]
[WhiteElo "1415"]
[BlackElo "1405"]
[Opening "Nimzovich-Larsen attack: classical variation"]
[ECO "A01"]
[Time "19:00:31"]
[TimeControl "2700+45"]

1. b3 d5 2. d4 c6 3. Bb2 Nf6 4. Nf3 Bf5 5. e3 e6 6. Be2 Nbd7 7. O-O h6 8. Nbd2
Be7 9. c4 O-O 10. Rc1 Qa5 11. Ra1 Rfe8 12. a3 Qc7 13. b4 a6 14. Rc1 Qd8 15. Qb3
Ne4 16. Nxe4 Bxe4 17. Nd2 Bg6 18. Bd3 Bxd3 19. Qxd3 Nf6 20. e4 dxe4 21. Nxe4
Nxe4 22. Qxe4 Bf6 23. c5 Qd5 24. Qxd5 exd5 25. Rce1 Kf8 26. f3 Rad8 27. g3 Rd7
28. Rxe8+ Kxe8 29. Re1+ Re7 30. Rxe7+ Kxe7 31. Kf2 Ke6 32. Ke3 Kf5 33. h3 h5 34.
f4 g5 35. fxg5 Kxg5 36. Kf3 Kf5 37. g4+ hxg4+ 38. hxg4+ Kg5 39. Bc1+ Kh4 40. Be3
Be7 41. Bf2+ Kg5 {Game drawn by mutual agreement} 1/2-1/2

[Event "Team 45 45 League T89"]
[Site "Internet Chess Club"]
[Date "2021.07.19"]
[Round "2"]
[White "marioseixas1992"]
[Black "BoardOfWar"]
[Result "0-1"]
[WhiteElo "1332"]
[BlackElo "1413"]
[Opening "Sicilian: Richter-Rauzer, Rauzer attack, 7...Be7"]
[ECO "B63"]
[Time "19:00:49"]
[TimeControl "2700+45"]

1. e4 c5 2. Nf3 d6 3. d4 cxd4 4. Nxd4 Nc6 5. Nc3 Nf6 6. Bg5 e6 7. Qd2 Be7 8. Bb5
Qc7 9. Nd5 exd5 10. exd5 Nxd5 11. Nxc6 bxc6 12. Qxd5 Qa5+ 13. c3 Qxb5 14. Qxb5
cxb5 15. Bxe7 Kxe7 16. O-O Re8 17. a4 Bd7 18. axb5 Bxb5 19. Rfc1 {White resigns}
0-1

[Event "Team 45 45 League T89"]
[Site "Internet Chess Club"]
[Date "2021.07.18"]
[Round "2"]
[White "sdcohle"]
[Black "Pawnchain"]
[Result "1/2-1/2"]
[WhiteElo "1308"]
[BlackElo "1250"]
[Opening "French: exchange variation"]
[ECO "C01"]
[Time "15:02:30"]
[TimeControl "2700+45"]

1. e4 e6 2. d4 d5 3. exd5 exd5 4. Nc3 Nc6 5. Nf3 Bb4 6. Bd2 Nf6 7. Bd3 Bxc3 8.
Bxc3 O-O 9. Qd2 Re8+ 10. Be2 Qe7 11. Ng1 Ne4 12. Qd3 Qf6 13. Qe3 Bg4 14. f3 Nxc3
15. Qxc3 Bf5 16. O-O-O Qg5+ 17. f4 Qxg2 18. Bf3 Qg6 19. Ne2 Be4 {Game drawn by
mutual agreement} 1/2-1/2

[Event "Team 45 45 League T89"]
[Site "Internet Chess Club"]
[Date "2021.07.17"]
[Round "2"]
[White "Tjet"]
[Black "seattleblues"]
[Result "0-1"]
[WhiteElo "1295"]
[BlackElo "1335"]
[Opening "English opening"]
[ECO "A15"]
[Time "21:01:47"]
[TimeControl "2700+45"]

1. c4 Nf6 2. Nf3 c6 3. g3 d5 4. cxd5 cxd5 5. Bg2 e6 6. O-O Be7 7. b3 O-O 8. Bb2
Nc6 9. d3 b6 10. Nbd2 Bb7 11. Rc1 Rc8 12. e3 Ba6 13. Ne1 Nb4 14. Ndf3 Rxc1 15.
Bxc1 Nxa2 16. Bb2 Nb4 17. Ne5 Qc8 18. Ba3 Re8 19. Bxb4 Bxb4 20. Nc2 Bd6 21. f4
Bxe5 22. fxe5 Nd7 23. Rf2 Nc5 24. Nb4 Bb7 25. d4 Nd7 26. h4 Qc3 27. Na2 Qxe3 28.
Qh5 Rf8 29. Qd1 Nb8 30. Nb4 a5 31. Qd3 Qe1+ 32. Qf1 Qxb4 33. Kh2 Qxd4 34. Re2
Nc6 35. Qc1 Rc8 36. Rc2 Qxe5 37. b4 axb4 38. Rf2 Ne7 39. Qb2 Qc3 40. Bf1 Nf5 41.
Qxc3 bxc3 42. h5 d4 43. Bd3 Rc5 44. g4 Ne3 45. Kg3 c2 46. Bxh7+ Kxh7 47. Rxf7
c1=Q {White resigns} 0-1

[Event "Team 45 45 League T89"]
[Site "Internet Chess Club"]
[Date "2021.07.14"]
[Round "2"]
[White "dwmt"]
[Black "Visin"]
[Result "0-1"]
[WhiteElo "1165"]
[BlackElo "1297"]
[Opening "Polish (Sokolsky) opening"]
[ECO "A00"]
[Time "14:00:16"]
[TimeControl "2700+45"]

1. b4 e5 2. Bb2 d6 3. e4 Nf6 4. a3 Nbd7 5. d3 Nb6 6. Nf3 Bg4 7. g3 Be7 8. Bg2
O-O 9. O-O Rc8 10. Nbd2 c5 11. b5 c4 12. a4 c3 13. Bxc3 Rxc3 14. Nb1 Rc8 15. c4
Nbd7 16. Nc3 h6 17. Qb3 Nh7 18. a5 Ng5 19. Qd1 Nxf3+ 20. Bxf3 Be6 21. Bg2 b6 22.
a6 f5 23. f3 f4 24. Qe1 Nf6 25. g4 Nh7 26. h3 Bh4 27. Qd1 h5 28. Ne2 hxg4 29.
fxg4 Ng5 30. d4 f3 31. Bxf3 Rxf3 32. Rxf3 Nxf3+ 33. Kg2 Qf6 34. d5 Bd7 35. Rc1
Ng5 36. Qf1 Qxf1+ 37. Kxf1 Nxe4 38. Kg2 Rf8 {White resigns} 0-1

[Event "Team 45 45 League T89"]
[Site "Internet Chess Club"]
[Date "2021.07.18"]
[Round "2"]
[White "Constrictor"]
[Black "DaveTheRook"]
[Result "1/2-1/2"]
[WhiteElo "1532"]
[BlackElo "1459"]
[Opening "Réti: Nimzovich-Larsen attack"]
[ECO "A01"]
[Time "11:03:07"]
[TimeControl "2700+45"]

1. b3 d5 2. Nf3 Nf6 3. e3 c5 4. Bb2 Nc6 5. Bb5 Bd7 6. O-O a6 7. Bxc6 Bxc6 8. d3
e6 9. Nbd2 Be7 10. Ne5 Rc8 11. f4 O-O 12. Ng4 Nxg4 13. Qxg4 Bf6 14. Bxf6 Qxf6
15. Nf3 Qg6 16. Qxg6 hxg6 17. Ne5 Rc7 18. g4 Kh7 19. Rf3 f6 20. Rh3+ Kg8 21.
Nxg6 Rfc8 22. Rh8+ Kf7 23. Rxc8 Rxc8 24. Nh4 Rh8 25. Ng2 Rh3 26. Re1 b6 27. Re2
e5 28. fxe5 fxe5 29. Ne1 Bd7 30. Rf2+ Ke7 {Game drawn by mutual agreement}
1/2-1/2

[Event "Team 45 45 League T89"]
[Site "Internet Chess Club"]
[Date "2021.07.18"]
[Round "2"]
[White "piirimae"]
[Black "bardu"]
[Result "1/2-1/2"]
[WhiteElo "1331"]
[BlackElo "1325"]
[Opening "Sicilian: Alapin's variation (2.c3)"]
[ECO "B22"]
[Time "15:18:42"]
[TimeControl "2700+45"]

1. e4 c5 2. c3 d5 3. exd5 Qxd5 4. Nf3 Bg4 5. Be2 Nf6 6. d3 Nc6 7. O-O e6 8. Nbd2
Bd6 9. Nc4 Bc7 10. Ne3 Qd6 11. Nxg4 Nxg4 12. g3 Nf6 13. Bg5 Bd8 14. d4 cxd4 15.
Nxd4 Nxd4 16. Qxd4 {Game drawn by mutual agreement} 1/2-1/2

[Event "Team 45 45 League T89"]
[Site "Internet Chess Club"]
[Date "2021.07.16"]
[Round "2"]
[White "Ostap-Bender"]
[Black "smsxman"]
[Result "0-1"]
[WhiteElo "1228"]
[BlackElo "1352"]
[Opening "Scandinavian (center counter) defense"]
[ECO "B01"]
[Time "10:00:41"]
[TimeControl "2700+45"]

1. e4 d5 2. exd5 Qxd5 3. Nc3 Qd8 4. d4 e6 5. Nf3 b6 6. Bb5+ c6 7. Bd3 g6 8. O-O
Bg7 9. Be3 Bb7 10. Qd2 Nf6 11. h3 Nbd7 12. Rfe1 O-O 13. Rad1 a5 14. a4 Ba6 15.
Bxa6 Rxa6 16. Bh6 Re8 17. Bxg7 Kxg7 18. Ne5 Ra7 19. Nxc6 Qa8 20. Nxa7 Qxa7 21.
Nb5 Qb8 22. c4 Rd8 23. d5 Nc5 24. Qc2 exd5 25. cxd5 Nxd5 26. Qc4 Nb4 27. Rxd8
Qxd8 28. Qd4+ Qxd4 29. Nxd4 Nxa4 30. b3 Nc5 31. Kf1 Nbd3 32. Rd1 Nb2 33. Rd2
Nbd3 34. Rd1 Nb2 35. Rb1 Nbd3 36. Ke2 Nb4 37. f3 Nd5 38. g3 Nc3+ 39. Kd2 Nxb1+
40. Kc2 Na3+ 41. Kb2 b5 42. Kxa3 b4+ 43. Kb2 Kf6 44. Kc2 Nb7 45. Kd3 Ke5 46. Kc4
f5 47. Nc6+ Kd6 48. Kb5 a4 49. bxa4 b3 {White resigns} 0-1

[Event "Team 45 45 League T89"]
[Site "Internet Chess Club"]
[Date "2021.07.17"]
[Round "2"]
[White "burlap"]
[Black "stantheman59"]
[Result "1-0"]
[WhiteElo "1036"]
[BlackElo "1209"]
[Opening "Queen's pawn, Mason variation"]
[ECO "D00"]
[Time "10:01:23"]
[TimeControl "2700+45"]

1. d4 d5 2. Bf4 Nf6 3. e3 e6 4. Nd2 Bd6 5. Bxd6 Qxd6 6. Bd3 Nc6 7. a3 O-O 8.
Ngf3 h6 9. h3 Re8 10. c3 e5 11. Nxe5 Nxe5 12. dxe5 Rxe5 13. O-O Bxh3 14. gxh3
Rg5+ 15. Kh1 Qc6 16. Rg1 d4+ 17. Qf3 Qxf3+ 18. Nxf3 Rh5 19. cxd4 Rxh3+ 20. Kg2
Rh5 21. Rh1 Ra5 22. Rac1 c6 23. Rc5 Rxc5 24. dxc5 a5 25. Rh4 Nd7 26. b4 f6 27.
Bc4+ Kh7 28. Re4 axb4 29. axb4 b5 30. Bd3 Kg8 31. Re6 Rc8 32. Bf5 Nb8 33. Nd4 h5
34. Bg6 Kf8 35. Bxh5 Rc7 36. Re8# {Black checkmated} 1-0